 Dungeon Crawl Stone Soup version 0.22.1-6-g1668fe2c40 (webtiles) character file.

791 Forgol the Cudgeler (level 7, -3/41 HPs)
             Began as a Gargoyle Fighter on Jan 18, 2019.
             Was an Initiate of the Shining One.
             Slain by a polar bear (8 damage)
             ... created by the rage of Trog
             ... on level 6 of the Dungeon.
             The game lasted 00:20:39 (5381 turns).

Forgol the Cudgeler (Gargoyle Fighter)              Turns: 5381, Time: 00:20:41

Health: -3/41      AC: 18    Str: 21    XL:     7   Next: 88%
Magic:  7/7        EV:  4    Int:  9    God:    the Shining One [......]
Gold:   354        SH:  9    Dex:  9    Spells: 6/6 levels left

rFire    . . .     SeeInvis .   b - +1 mace (holy)
rCold    . . .     Gourm    .   c - +0 shield
rNeg     + . .     Faith    .   j - +0 plate armour
rPois    ∞         Spirit   .   (no helmet)
rElec    +         Reflect  .   (no cloak)
rCorr    .         Harm     .   (no gloves)
MR       .....                  r - +0 pair of boots
Stlth    ..........             (no amulet)
HPRegen  0.13/turn              k - ring of stealth
MPRegen  0.10/turn              (no ring)

@: glowing
A: negative energy resistance 1, electricity resistance, unbreathing,
petrification resistance, rot immunity, AC +4
a: Renounce Religion


You were on level 6 of the Dungeon.
You worshipped the Shining One.
The Shining One was noncommittal.
You were not hungry.

You visited 2 branches of the dungeon, and saw 7 of its levels.

You collected 354 gold pieces.

Inventory:

Hand Weapons
 a - a +0 flail
 b - a +1 mace of holy wrath (weapon)
 A - a +0 hand crossbow
Missiles
 g - 9 tomahawks (quivered)
Armour
 c - a +0 shield (worn)
 j - a +0 plate armour (worn)
 r - a +0 pair of boots (worn)
 y - the +3 leather armour "Digifuen" {rElec Str+3}
   (You found it on level 4 of the Dungeon)

   It affects your strength (+3).
   It insulates you from electricity.
Jewellery
 k - a ring of stealth (left hand)
Wands
 x - a wand of enslavement (8)
Scrolls
 m - 3 scrolls of teleportation
 p - a scroll of amnesia
 u - a scroll of enchant weapon {unknown}
 v - a scroll of fear {unknown}
 w - 2 scrolls of immolation {unknown}
 z - 3 scrolls of identify
Potions
 e - a potion of lignification {unknown}
 h - a potion of brilliance {unknown}
 i - 3 potions of agility
 l - 2 potions of mutation {unknown}
 n - a potion of invisibility {unknown}
 o - a potion of heal wounds {unknown}
 q - a potion of haste {unknown}
 t - a potion of ambrosia {unknown}
Comestibles
 d - 6 chunks of flesh
 f - 8 rations


   Skills:
 - Level 3.2 Fighting
 * Level 7.2 Maces & Flails
 + Level 5.0 Armour
 + Level 4.9 Shields


You had 6 spell levels left.
You didn't know any spells.
Your spell library contained the following spells:

 Spells                   Type           Power        Failure   Level  Hunger
 Magic Dart               Conj           #...         100%        1    ##.....
 Blink                    Tloc           N/A          100%        2    ###....
 Call Imp                 Summ           #.......     100%        2    ###....
 Slow                     Hex            #.......     100%        2    ###....
 Conjure Flame            Conj/Fire      #.......     100%        3    ####...
 Mephitic Cloud           Conj/Pois/Air  #.......     100%        3    ####...


Dungeon Overview and Level Annotations

Branches:
Dungeon (6/15)             Temple (1/1) D:4

Altars:
Ashenzari
Cheibriados
Dithmenos
Elyvilon
Fedhas
Gozag
Hepliaklqana
Makhleb
Nemelex Xobeh
Okawaru
Qazlal
Ru
Sif Muna
Trog
Uskayaw
Xom
Yredelemnul
Zin
The Shining One

Annotations:
D:4 exclusion: oklob plant


Innate Abilities, Weirdness & Mutations

You are resistant to torment.
Your stone body is resilient. (AC +4)
You are immune to poison.
You resist negative energy. (rN+)
You are resistant to electric shocks. (rElec)
You can survive without breathing.
You are immune to petrification.
You are immune to rotting.


Message History

A puff of flame appears from out of thin air!
The puff of flame hits you!
The polar bear rages.
The orc wizard hits you but does no damage.
The polar bear bites you! You block the polar bear's attack. x2
Things that are here:
a dagger; a robe; an orc corpse You sock the orc wizard!
The orc wizard is heavily wounded.
You block the polar bear's attack. x2; The polar bear barely misses you.
The polar bear rages.
The orc wizard casts a spell at you. You resist with some effort.
You hit the orc wizard.
The orc wizard is severely wounded.
The polar bear bites you!
* * * LOW HITPOINT WARNING * * *
The polar bear barely misses you. You block the polar bear's attack.
The polar bear bites you!
You die...

#############
#.....#.....##
.............## ########
..............# #......#
.....o........####......#
.............(.o@hh.....#
.................#h.....#
...........[...###...<..#
..............####......#
.............## #....####
............## #....#
..........### #....#
............ ......#
.......###### ###....#


You could see 2 polar bears, a black bear (berserk) and an orc wizard
(invisible).

Vanquished Creatures
  2 phantoms
  A black bear (D:6)
  An ogre (D:5)
  A bullfrog (D:6)
  A water moccasin skeleton (D:6)
  A howler monkey (D:5)
  A bullfrog skeleton (D:6)
  A centaur skeleton (D:4)
  Natasha (D:4)
  4 orc wizards
  A worker ant (D:5)
  A hound skeleton (D:4)
  3 gnolls (D:4)
  3 adders
  2 worms
  An adder zombie (D:5)
  2 dart slugs (D:1)
  2 leopard geckos
  12 orcs
  4 bats
  4 giant cockroaches
  7 goblins
  9 hobgoblins
  4 jackals
  2 quokkas (D:2)
  5 frilled lizards
  9 kobolds
  A leopard gecko skeleton (D:5)
  11 rats
97 creatures vanquished.

Notes
Turn   | Place    | Note
-------+----------+-------------------------------------------
     0 | D:1      | Forgol the Gargoyle Fighter began the quest for the Orb.
     0 | D:1      | Reached XP level 1. HP: 14/14 MP: 1/1
    53 | D:1      | Reached XP level 2. HP: 16/19 MP: 2/2
   315 | D:1      | Reached skill level 3 in Maces & Flails
   523 | D:1      | Reached XP level 3. HP: 22/23 MP: 3/3
   829 | D:2      | Found a bloodstained altar of Trog.
   906 | D:2      | Became a worshipper of Trog the Wrathful
  1068 | D:2      | Reached skill level 4 in Maces & Flails
  1161 | D:2      | Reached XP level 4. HP: 16/28 MP: 4/4
  1552 | D:3      | Reached * piety under Trog
  1583 | D:3      | Reached skill level 5 in Maces & Flails
  1583 | D:3      | Reached XP level 5. HP: 10/32 MP: 5/5
  2439 | D:3      | Found a white marble altar of Elyvilon.
  2756 | D:4      | Noticed Natasha
  2793 | D:4      | Killed Natasha
  2815 | D:4      | Found a glowing silver altar of Zin.
  2846 | D:4      | Found a hide-covered altar of Uskayaw.
  2863 | D:4      | Found a shimmering altar of Xom.
  3016 | D:4      | Reached XP level 6. HP: 37/37 MP: 6/6
  3029 | D:4      | Got an ancient leather armour
  3040 | D:4      | Identified the +3 leather armour "Digifuen" {rElec Str+3}
                  | (You found it on level 4 of the Dungeon)
  3389 | D:4      | Found a staircase to the Ecumenical Temple.
  3500 | D:4      | Found a blossoming altar of Fedhas.
  3511 | D:4      | Noticed an oklob plant
  3596 | Temple   | Entered the Ecumenical Temple
  3796 | Temple   | Fell from the grace of Trog
  3796 | Temple   | Became a worshipper of the Shining One
  4221 | D:5      | Entered Level 5 of the Dungeon
  4353 | D:5      | Reached skill level 6 in Maces & Flails
  4357 | D:5      | Noticed a phantom
  4585 | D:5      | Killed a phantom
  4585 | D:5      | Reached XP level 7. HP: 36/41 MP: 7/7
  4955 | D:5      | Noticed a polar bear
  5260 | D:6      | Reached skill level 7 in Maces & Flails
  5376 | D:6      | Noticed a polar bear
  5376 | D:6      | Noticed a polar bear
  5378 | D:6      | Reached skill level 5 in Armour
  5381 | D:6      | Slain by a polar bear

Skill      XL: |  1  2  3  4  5  6  7 |
---------------+----------------------+-----
Maces & Flails | 3 4 5 6 7 |  7.2
Armour         | 4 5 |  5.0
Shields        | 4 |  4.9
Fighting       | |  3.2

Action                   |  1- 3 |  4- 6 |  7- 9 || total
-------------------------+-------+-------+-------++-------
Melee: Flail             |   176 |    81 |       ||   257
       Mace              |       |   123 |    67 ||   190
Invok: Berserk           |       |     2 |       ||     2
  Use: Scroll            |       |     9 |     1 ||    10
       Potion            |       |       |     3 ||     3
 Stab: Sleeping          |       |     1 |       ||     1
  Eat: Chunk             |     1 |    11 |     2 ||    14
       Ration            |       |     1 |       ||     1
Armor: Scale mail        |    19 |       |       ||    19
       Plate armour      |   170 |   126 |    61 ||   357
       Leather armour    |       |     1 |       ||     1
Dodge: Dodged            |    57 |    46 |    16 ||   119
Block: Shield            |   148 |    94 |    41 ||   283
